 Dungeon Crawl Stone Soup version 0.26-a0-658-gbdda728c12 (webtiles) character file.

Game seed: 6251261791615556365

79 rogsnak the Firebug (level 4, -1/30 HPs)
             Began as a Demonspawn Fire Elementalist on Oct 4, 2020.
             Slain by an orc
             ... wielding a +0 war axe
              (9 damage)
             ... on level 3 of the Dungeon.
             The game lasted 00:04:05 (1762 turns).

rogsnak the Firebug (Demonspawn Fire Elementalist)  Turns: 1762, Time: 00:04:06

Health: -1/30      AC:  2    Str:  8    XL:     4   Next: 17%
Magic:  6/8        EV: 12    Int: 18    God:
Gold:   169        SH:  0    Dex: 13    Spells: 7/8 levels left

rFire    . . .     SeeInvis .   g - +0 short sword
rCold    . . .     Faith    .   (no shield)
rNeg     . . .     Spirit   .   a - +0 robe
rPois    .         Reflect  .   (no helmet)
rElec    .         Harm     .   (no cloak)
rCorr    .         Rampage  .   (no gloves)
MR       .....                  (no boots)
Stlth    ++........             h - amulet of inaccuracy (curse)
HPRegen  0.10/turn              (no ring)
MPRegen  0.11/turn              (no ring)

@: no status effects
A: powered by death 1, spiny 1
a: no special abilities


You were on level 3 of the Dungeon.
You visited 1 branch of the dungeon, and saw 3 of its levels.

You collected 169 gold pieces.

Inventory:

Hand Weapons
 g - a +0 short sword (weapon)
 n - a +0 hunting sling
Missiles
 c - 98 stones (quivered)
 j - 20 arrows
 l - 39 bolts
Armour
 a - a +0 robe (worn)
Jewellery
 h - a cursed amulet of inaccuracy (around neck)
Scrolls
 b - 2 scrolls of magic mapping {unknown}
 e - a scroll of immolation {unknown}
 f - 3 scrolls of remove curse {unknown}
 m - 2 scrolls of identify {unknown}
Potions
 d - a potion of heal wounds {unknown}
 i - a potion of brilliance {unknown}
 k - a potion of haste {unknown}
 o - a potion of curing {unknown}


   Skills:
 + Level 1.9 Dodging
 - Level 2.0 Stealth
 + Level 2.8 Spellcasting
 * Level 2.3 Conjurations
 + Level 3.3 Fire Magic


You had 7 spell levels left.
You knew the following spells:

 Your Spells              Type           Power        Failure   Level
a - Foxfire               Conj/Fire      ##..         5%          1

Your spell library contained the following spells:

 Spells                   Type           Power        Failure   Level
 Conjure Flame            Conj/Fire      ##......     16%         3
 Inner Flame              Hex/Fire       #.......     26%         3
 Sticky Flame             Conj/Fire      ##......     45%         4
 Fireball                 Conj/Fire      ##........   82%         5


Dungeon Overview and Level Annotations

Branches:
Dungeon (3/15)

Altars:

Annotations:
D:3 Natasha


Innate Abilities, Weirdness & Mutations

You regenerate a little health from kills.
You are partially covered in sharp spines.


Message History

The orc hits you with a +0 war axe.
You closely miss the orc.
The orc is lightly wounded.
The orc wizard looks satisfied for a moment.
The orc barely misses you. The ooze is struck by your spines.
The ooze closely misses you.
You hit the orc.
The orc is moderately wounded.
The orc misses you. The orc hits you but does no damage. The ooze misses you.
You completely miss the orc.
The orc is moderately wounded.
The orc hits you with a +0 war axe!
* * * LOW HITPOINT WARNING * * *
The ooze is struck by your spines. The ooze misses you.
The orc hits you but does no damage.
Natasha, Servant of Life and Death comes into view.
You closely miss the orc.
The orc is moderately wounded.
The orc hits you with a +0 war axe!
You die...

..............##.#
#.#.#h#.#.#.###.#
............##.#
#.#.#.#?#.###<#
....>.....##.#
.#.#.#.#.#.#.###.#
..............##.#
.#.#.#.#.#o#J###.#
.......ooo@.#.#
#.#.#.#.#o#...#
#############.#
#.# ###


You could see an orc priest, an orc wizard, Natasha (wandering), an ooze and 3
orcs.

Vanquished Creatures
  An orc wizard (D:2)
  A dart slug (D:1)
  5 orcs
  A giant cockroach (D:1)
  3 goblins
  10 hobgoblins
  4 jackals
  A quokka (D:3)
  2 ball pythons
  3 bats
  2 frilled lizards (D:1)
  3 kobolds
  3 rats
39 creatures vanquished.

Vanquished Creatures (others)
  85 foxfires
85 creatures vanquished.

Grand Total: 124 creatures vanquished

Notes
Turn   | Place    | Note
-------+----------+-------------------------------------------
     0 | D:1      | rogsnak the Demonspawn Fire Elementalist began the quest
                  | for the Orb.
     0 | D:1      | Reached XP level 1. HP: 13/13 MP: 3/3
   250 | D:1      | Reached skill level 3 in Fire Magic
   250 | D:1      | Gained mutation: You regenerate a little health from kills.
                  | [demonic ancestry]
   250 | D:1      | Reached XP level 2. HP: 19/19 MP: 0/5
  1340 | D:2      | Reached XP level 3. HP: 12/24 MP: 0/6
  1661 | D:3      | Gained mutation: You are partially covered in sharp spines.
                  | [demonic ancestry]
  1661 | D:3      | Reached XP level 4. HP: 30/30 MP: 1/8
  1761 | D:3      | Noticed Natasha
  1762 | D:3      | Slain by an orc

Illustrated notes

Levels and vault maps discovered:
D:1:      evilmike_arrival_fibonacci_small, layout_basic
D:2:      layout_basic
D:3:      layout_basic, st_stairs_11, uniq_natasha

Skill      XL: |  1  2 |
---------------+-------+-----
Fire Magic     | 3 |  3.3
Stealth        | 2 |  2.0
Conjurations   | 2 |  2.3
Dodging        | |  1.9
Spellcasting   | |  2.8

Action                   |  1- 3 |  4- 6 || total
-------------------------+-------+-------++-------
Melee: Unarmed           |     7 |       ||     7
       Short sword       |     3 |     9 ||    12
 Cast: Foxfire           |    54 |     5 ||    59
Armor: Robe              |     1 |     4 ||     5
Dodge: Dodged            |    11 |     9 ||    20

Table legend: (Time is in decaauts)
 A = Elapsed time spent in this place.
 B = Non-inter-level travel time spent in this place.
 C = Inter-level travel time spent in this place.
 D = Time resting spent in this place.
 E = Time spent auto-exploring this place.
 F = Levels seen in this place.
 G = Mean time per level.
                   A        B        C        D        E       F      G
               +--------+--------+--------+--------+--------+-----+--------+
         Total |   1767 |   1728 |     39 |    503 |    576 |   3 |  589.0 |
       Dungeon |   1767 |   1728 |     39 |    503 |    576 |   3 |  589.0 |
               +--------+--------+--------+--------+--------+-----+--------+

Top non-repeatable levels by time:
     D:2: 983 daAuts
     D:1: 670 daAuts
     D:3: 113 daAuts
